 Dungeon Crawl Stone Soup version 0.30-a0-1113-ga8025317a9 (webtiles) character file.

Game seed: 13109321097893899608

542 Essalna the Conjurer (level 7, -2/43 HPs)
             Began as a Tengu Fire Elementalist on Apr 20, 2023.
             Was a Follower of Vehumet.
             Slain by a gnoll
             ... wielding a +0 spear
             ... led by a gnoll bouda
              (4 damage)
             ... on level 5 of the Dungeon.
             The game lasted 00:08:01 (4128 turns).

Essalna the Conjurer (Tengu Fire Elementalist)      Turns: 4128, Time: 00:08:02

Health: -2/43      AC:  2    Str:  8    XL:     7   Next: 27%
Magic:  11/11      EV: 14    Int: 17    God:    Vehumet [*.....]
Gold:   163        SH:  0    Dex: 15    Spells: 7/10 levels left

rFire   . . .      SeeInvis .    d - +1 short sword (venom)
rCold   + . .      Faith    .    (no shield)
rNeg    . . .      Spirit   .    a - +0 robe
rPois   .          Reflect  .    (helmet restricted)
rElec   .          Rampage  .    (no cloak)
rCorr   .                        (no gloves)
Will    .....                    (boots unavailable)
Stlth   ++                       k - amulet of magic regeneration
HPRegen 0.27/turn                f - ring of protection from cold
MPRegen 0.52/turn                (no ring)

@: flying quickly and evasively, quick
A: beak, talons 3, nimble flight
a: Renounce Religion


You were on level 5 of the Dungeon.
You worshipped Vehumet.
Vehumet was aware of your devotion.
You visited 1 branch of the dungeon, and saw 5 of its levels.

You collected 163 gold pieces.

Inventory:

Hand Weapons
 d - a +1 short sword of venom (weapon)
 y - a +2 whip of electrocution
 B - the +2 hand axe of Nukhlias {holy, rF+ Stlth+}
   (You found it on level 4 of the Dungeon)

   rF:        It protects you from fire.
   Stlth:     It makes you more stealthy.
Missiles
 l - 3 throwing nets
Armour
 a - a +0 robe (worn)
Jewellery
 c - an amulet of guardian spirit
 f - a ring of protection from cold (left hand)
 k - an amulet of magic regeneration (around neck)
Wands
 r - a wand of polymorph (12)
 C - a wand of digging (1)
Scrolls
 g - 3 scrolls of teleportation
 h - a scroll of summoning
 j - a scroll of blinking {unknown}
 m - 4 scrolls of amnesia {unknown}
 o - 6 scrolls of identify
 p - a scroll of poison {unknown}
 s - a scroll of enchant armour {unknown}
 t - a scroll of noise {unknown}
 v - a scroll of torment {unknown}
 w - a scroll of vulnerability {unknown}
 A - a scroll of fog
Potions
 b - a potion of magic
 e - a potion of curing
 i - 2 potions of lignification {unknown}
 n - 3 potions of degeneration {unknown}
 q - a potion of might {unknown}
 u - a potion of resistance {unknown}
 x - a potion of flight {unknown}
 z - 2 potions of cancellation {unknown}
 D - a potion of mutation {unknown}


   Skills:
 + Level 4.1 Fighting
 - Level 2.1 Dodging
 - Level 2.0 Stealth
 - Level 2.0 Spellcasting
 + Level 5.7 Conjurations
 + Level 5.7 Fire Magic


You had 7 spell levels left.
You knew the following spells:

 Your Spells              Type           Power      Damage    Failure   Level
a - Foxfire               Conj/Fire      84%        2x1d8     1%          1
b - Scorch                Fire           42%        2d6       2%          2

Your spell library contained the following spells:

 Spells                   Type           Power      Damage    Failure   Level
 Magic Dart               Conj           84%        1d7       1%          1
 Inner Flame              Hex/Fire       11%        N/A       19%         3
 Volatile Blastmotes      Fire/Tloc      22%        2d11      19%         3
 Flame Wave               Conj/Fire      21%        2d8       19%         4
 Lesser Beckoning         Tloc           2%         N/A       28%         2
 Gell's Gravitas          Tloc           1%         N/A       50%         3
 Teleport Other           Tloc           1%         N/A       50%         3


Dungeon Overview and Level Annotations

Branches:
Dungeon (5/15)
 Temple: D:4-7

Altars:
Vehumet

Shops:
D:3 !

Annotations:
D:4 exclusion: statue


Innate Abilities, Weirdness & Mutations

You have a beak for a mouth.
You have claws for feet.
Your magical nature lets you fly swiftly and evasively.


Message History

You are too injured to fight recklessly!
You are too injured to fight recklessly!
You hit the gnoll but do no damage.
The gnoll looks as sick as possible!
You claw the gnoll.
You kill the gnoll!
Vehumet accepts your kill.
Things that are here:
a +0 whip; a gnoll corpse HP restored.
Done exploring.
Things that are here:
a +0 whip; a gnoll corpse
There is a stone staircase leading down here.
There is a stone staircase leading down here.
You fly downwards.
The gnoll throws a throwing net.
The throwing net hits you.
You become entangled in the net!
The gnoll hits you with a +0 whip.
There is a stone staircase leading up here.
You see here a throwing net.
You struggle against the net.
The gnoll hits you from afar with a +0 spear.
The gnoll bouda barks out a call to the hunt!
The gnolls pick up the pace!
The crimson imp blinks!
The gnoll hits you with a +0 whip.
You struggle against the net.
The gnoll hits you from afar with a +0 spear.
The gnoll completely misses you.
You struggle against the net.
The gnoll hits you from afar with a +0 spear.
The gnoll hits you with a +0 whip.
You struggle against the net.
The gnoll hits you from afar with a +0 spear.
The gnoll hits you with a +0 flail.
* * * LOW HITPOINT WARNING * * *
The gnoll bouda hits you with a +0 club.
* * * LOW HITPOINT WARNING * * *
The crimson imp blinks!
The gnoll hits you with a +0 whip.
* * * LOW HITPOINT WARNING * * *
You rip the net and break free!
The gnoll hits you from afar with a +0 spear.
You die...

....##. .........
....... ........?
.......##........
...........5.....
.................
.........ยง...........
.........g.# ......#
.#.....gg..# ##......#
#.###.@g..# #.......#
#....<####>.......
#.......##..#....#
#................# .
...................#.#
..###........####..Z##
h.. #..##......##.....
..
........##..........
..#....####.....#...


You could see a gnoll bouda, 3 gnolls and a crimson imp.

Vanquished Creatures
  A gnoll sergeant (D:3)
  A scorpion (D:4)
  An orc priest (D:4)
  A hound (D:5)
  Natasha (thrice) (D:4)
  An iguana (D:5)
  2 orc wizards (D:4)
  8 gnolls
  4 adders
  A worm (D:2)
  2 dart slugs (D:4)
  10 orcs (D:4)
  3 ball pythons
  5 endoplasms
  9 giant cockroaches
  14 goblins
  11 hobgoblins
  9 kobolds
  3 quokkas (D:1)
  4 bats
  3 frilled lizards
  A goblin skeleton (D:5)
  A hobgoblin zombie (D:5)
  4 rats
102 creatures vanquished.

Vanquished Creatures (others)
  477 foxfires
477 creatures vanquished.

Grand Total: 579 creatures vanquished

Notes
Turn   | Place    | Note
-------+----------+-------------------------------------------
     0 | D:1      | Essalna the Tengu Fire Elementalist began the quest for the
                  | Orb.
     0 | D:1      | Reached XP level 1. HP: 10/10 MP: 4/4
   170 | D:1      | Reached XP level 2. HP: 16/16 MP: 0/6
   401 | D:1      | Reached skill level 1 in Fighting
   624 | D:1      | Reached XP level 3. HP: 20/20 MP: 4/7
   782 | D:1      | Learned a level 2 spell: Scorch
  1590 | D:2      | Reached XP level 4. HP: 26/26 MP: 5/8
  1860 | D:3      | Found Tiysixek's Distillery.
  2111 | D:3      | Gained mutation: Your magical nature lets you fly swiftly
                  | and evasively. [Tengu growth]
  2111 | D:3      | Reached XP level 5. HP: 31/31 MP: 6/9
  2484 | D:3      | Reached XP level 6. HP: 37/37 MP: 4/10
  2845 | D:4      | Found a radiant altar of Vehumet.
  2874 | D:4      | Became a worshipper of Vehumet
  3214 | D:4      | Reached skill level 5 in Fire Magic
  3288 | D:4      | Reached skill level 5 in Conjurations
  3536 | D:4      | Noticed Natasha
  3541 | D:4      | Killed Natasha
  3795 | D:4      | Identified the +2 hand axe of Nukhlias {holy, rF+ Stlth+}
  3875 | D:4      | Noticed Natasha
  3879 | D:4      | Killed Natasha
  3880 | D:4      | Reached XP level 7. HP: 42/42 MP: 8/11
  3880 | D:4      | Noticed Natasha
  3882 | D:4      | Killed Natasha
  3882 | D:4      | Reached * piety under Vehumet
  3882 | D:4      | Offered knowledge of Magic Dart by Vehumet.
  3962 | D:5      | Entered Level 5 of the Dungeon
  4127 | D:5      | HP: 2/43 [gnoll/+0 whip[a gnoll bouda] (5)]
  4128 | D:5      | Slain by a gnoll

Illustrated notes

Levels and vault maps discovered:
D:1:      nzn_arrival_water_spiral, layout_basic, minmay_worlds_worst_comb
D:2:      minmay_chambers_of_twos, layout_basic, grunt_decor_clamped,
          kennysheep_cross_room
D:3:      layout_loops_ring, serial_shops, shop
D:4:      corexii_shack_village, layout_basic, vehumet_statue, uniq_natasha
D:5:      black_bear_nest_1, layout_cave_pools, nicolae_tso_besieged_by_evil,
          lemuel_tele_altar, minmay_temple_entry_water_ring,
          hangedman_decor_lopped

Skill      XL: |  1  2  3  4  5  6  7 |
---------------+----------------------+-----
Conjurations   | 2 3 4 5 |  5.7
Fighting       | 1 2 3 4 |  4.1
Fire Magic     | 4 5 |  5.7
Dodging        | |  2.1
Stealth        | |  2.0
Spellcasting   | |  2.0

Action                     |  1- 3 |  4- 6 |  7- 9 || total
---------------------------+-------+-------+-------++-------
  Melee: Short sword       |    26 |     9 |    12 ||    47
         Kick              |     6 |     2 |     5 ||    13
         Peck              |     4 |     1 |     2 ||     7
   Cast: Foxfire           |    83 |   173 |    31 ||   287
         Scorch            |       |     7 |       ||     7
    Use: Scroll            |     4 |     1 |       ||     5
   Stab: Sleeping          |     2 |     1 |       ||     3
 Armour: Robe              |     2 |     1 |       ||     3
  Dodge: Dodged            |    19 |    29 |    11 ||    59

Table legend: (Time is in decaauts)
 A = Elapsed time spent in this place.
 B = Non-inter-level travel time spent in this place.
 C = Inter-level travel time spent in this place.
 D = Time resting spent in this place.
 E = Time spent auto-exploring this place.
 F = Levels seen in this place.
 G = Mean time per level.
                   A        B        C        D        E       F      G
               +--------+--------+--------+--------+--------+-----+--------+
         Total |   3992 |   3896 |     96 |    175 |   3016 |   5 |  798.4 |
       Dungeon |   3992 |   3896 |     96 |    175 |   3016 |   5 |  798.4 |
               +--------+--------+--------+--------+--------+-----+--------+

Top non-repeatable levels by time:
     D:4: 1145 daAuts
     D:2: 1011 daAuts
     D:1: 900 daAuts
     D:3: 866 daAuts
     D:5: 69 daAuts
